 Dungeon Crawl Stone Soup version 0.30-a0-528-g8c47a4955b (webtiles) character file.

Game seed: 11136797379480898035

25195 Shayle the Fighter (level 12, -26/105 HPs)
             Began as a Demonspawn Reaver on Dec 23, 2022.
             Was a Believer of Ashenzari.
             Killed from afar by an ice dragon (47 damage)
             ... with a blast of cold
             ... on level 4 of the Lair of Beasts.
             The game lasted 00:45:50 (16324 turns).

Shayle the Fighter (Demonspawn Reaver)             Turns: 16324, Time: 00:45:51

Health: -26/105    AC: 24    Str: 15    XL:     12   Next: 87%
Magic:  19/19      EV: 12    Int: 19    God:    Ashenzari [**....]
Gold:   624        SH:  4    Dex: 12    Spells: 17/21 levels left

rFire   + . .      SeeInvis +    u - +7 flail (drain)
rCold   . . .      Faith    .    (no shield)
rNeg    . . .      Spirit   .    k - +0 steam dragon scales
rPois   +          Reflect  .    (no helmet)
rElec   .          Harm     .    (no cloak)
rCorr   .          Rampage  .    y - +2 pair of gloves "Chained With Me" {Fort, Self} (curse)
Will    .....                    (no boots)
Stlth   ++++++                   (no amulet)
HPRegen 0.37/turn                o - ring "Share My Sorrow" {AC+4 Str+2 Slay+3 Stlth+, Bglg, Elem} (curse)
MPRegen 0.16/turn                w - ring of the Unyielding Gaze {rF+, Cun, Comp} (curse)

@: mighty, sanguine armoured, studying Stealth
A: hooves 2, powered by pain 2, sanguine armour 2, condensation shield, poison
resistance
a: Renounce Religion, Curse Item, Shatter the Chains


You were on level 4 of the Lair of Beasts.
You worshipped Ashenzari.
Ashenzari was pleased with you.
You visited 3 branches of the dungeon, and saw 15 of its levels.
You also visited: Ossuary.

You collected 834 gold pieces.
You spent 210 gold pieces at shops.

Inventory:

Hand Weapons
 a - a +0 vorpal spear
 u - a +7 flail of draining (weapon)
Missiles
 p - a boomerang of dispersal
 t - a throwing net
Armour
 b - a +0 leather armour
 e - a +4 chain mail
 k - +0 steam dragon scales (worn)
 y - the cursed +2 pair of gloves "Chained With Me" (worn) {Fort, Self}
   (You found it on level 6 of the Dungeon)

   It has a curse which improves the following skills: Fortitude: Armour and
   Shields.
   Introspection: Fighting and Spellcasting.
Jewellery
 i - an amulet of faith
 o - the cursed ring "Share My Sorrow" (left hand) {AC+4 Str+2 Slay+3 Stlth+, Bglg, Elem}
   (You bought it in a shop on level 7 of the Dungeon)

   [ring of protection]

   AC:        It affects your AC (+4).
   Str:       It affects your strength (+2).
   Slay:      It affects your accuracy & damage with ranged weapons and melee
   (+3).
   Stlth:     It makes you more stealthy.
   It has a curse which improves the following skills: Beguiling: Conjurations,
   Hexes and Translocations.
   Elements:  Fire Magic, Ice Magic, Air Magic and Earth Magic.
 q - a +4 ring of protection
 s - a +4 ring of evasion
 v - a ring of positive energy
 w - the cursed ring of the Unyielding Gaze (right hand) {rF+, Cun, Comp}
   (You found it on level 4 of the Dungeon)

   [ring of protection from fire]

   rF:        It protects you from fire.
   It has a curse which improves the following skills: Cunning: Dodging and
   Stealth.
   Companions: Summonings and Necromancy.
 E - a ring of positive energy
Wands
 g - a wand of digging (11)
 F - a wand of flame (32)
Scrolls
 c - 4 scrolls of immolation
 f - 3 scrolls of fear
 h - 5 scrolls of amnesia
 j - 11 scrolls of identify
 m - 3 scrolls of fog
 H - a scroll of enchant weapon
 I - a scroll of poison
 J - a scroll of teleportation
 L - a scroll of brand weapon
 M - 2 scrolls of silence
 N - a scroll of butterflies
Potions
 l - 3 potions of mutation
 n - 4 potions of lignification
 r - 3 potions of attraction
 x - 4 potions of flight
 z - 8 potions of curing
 A - 7 potions of brilliance
 B - a potion of haste
 C - a potion of resistance
 D - 2 potions of degeneration
 G - 3 potions of cancellation


   Skills:
 + Level 12.3(13.5) Fighting
 - Level 2.6 Polearms
 + Level 11.2(12.4) Armour
 - Level 1.7(2.6) Dodging
 - Level 11.9(13.0) Stealth
 + Level 4.0(5.1) Spellcasting
 + Level 4.9(6.1) Conjurations
 + Level 3.9(5.1) Necromancy
 + Level 3.2(4.3) Ice Magic


You had 17 spell levels left.
You knew the following spells:

 Your Spells              Type           Power      Damage    Failure   Level
a - Kiss of Death         Conj/Necr      100%       2d13      1%          1
b - Hailstorm             Conj/Ice       24%        3d7       4%          3

Your spell library contained the following spells:

 Spells                   Type           Power      Damage    Failure   Level
 Momentum Strike          Conj/Tloc      32%        3d8       4%          2
 Ozocubu's Armour         Ice            21%        N/A       6%          3
 Ensorcelled Hibernation  Hex/Ice        26%        N/A       8%          2
 Dispel Undead            Necr           24%        3d12      16%         4
 Passwall                 Tmut/Erth      4%         N/A       19%         2
 Confusing Touch          Hex            5%         N/A       34%         3
 Swiftness                Air            5%         N/A       34%         3
 Anguish                  Hex/Necr       7%         N/A       38%         4
 Leda's Liquefaction      Hex/Erth       2%         N/A       75%         4
 Lee's Rapid Deconstruct  Erth           2%         3d5*      97%         5
 Statue Form              Tmut/Erth      3%         N/A       100%        6
 Enfeeble                 Hex            2%         N/A       100%        7
 Ozocubu's Refrigeration  Ice            10%        4d9       100%        7


Dungeon Overview and Level Annotations

Branches:
Dungeon (10/15)            Temple (1/1) D:5            Lair (4/5) D:10
 Shoals (0/4) Lair:3        Snake (0/4) Lair:3        Slime (0/5) Lair:4
Ossuary (visited)
    Orc: D:9-12

Altars:
Ashenzari
Cheibriados
Dithmenos
Fedhas
Gozag
Hepliaklqana
Kikubaaqudgha
Makhleb
Nemelex Xobeh
Okawaru
Qazlal
Ru
Sif Muna
Trog
Uskayaw
Vehumet
Wu Jian
Xom
Yredelemnul
Jiyva

Shops:
D:2 ??*   D:7 *

Annotations:
D:4 2 transporters
D:7 Menkaure
D:9 Amaemon
D:10 Snorg
Lair:4 2 transporters, 1 runed translucent door, Jase's ghost, journeyman FoFi


Innate Abilities, Weirdness & Mutations

You have hoof-like feet.
You sometimes gain power by taking damage.
When seriously injured, your blood forms thick armour. (AC +9)
A meltable shield of frost defends you. (SH +4)
Your system is resistant to poisons. (rPois)


Message History

The spriggan simulacrum closely misses you.
The ice dragon breathes frost at you. The blast of cold hits you!
Okay, then.
Okay, then.
Casting: Kiss of Death (safe; 1% risk of failure)
Confirm with . or Enter, or press ? or * to list all spells.
Okay, then.
Aiming: Throw Flame
Press: ? - help, Shift-Dir - straight line, f - ice dragon
Aim: an ice dragon (lightly wounded, catching its breath, 77% to hit)
The puff of flame hits the ice dragon.
The ice dragon is lightly wounded.
The spriggan simulacrum misses you.
The ice dragon bites you but does no damage.
The ice dragon claws you but does no damage.
The ice dragon barely misses you.
You feel very mighty all of a sudden. The spriggan simulacrum hits you.
The spriggan simulacrum freezes you!
The ice dragon bites you but does no damage.
The ice dragon claws you but does no damage.
The ice dragon misses you.
You bludgeon the ice dragon!! You drain the ice dragon.
You kick the ice dragon!
The ice dragon is heavily wounded.
The ice dragon bites you but does no damage.
The ice dragon barely misses you. The ice dragon closely misses you.
The spriggan simulacrum hits you. The spriggan simulacrum freezes you!
* * * LOW HITPOINT WARNING * * *
You hit the ice dragon.
You kick the ice dragon, but do no damage.
The ice dragon is heavily wounded.
The ice dragon bites you.
* * * LOW HITPOINT WARNING * * *
You block the ice dragon's attack.
The ice dragon tramples you but does no damage.
The spriggan simulacrum barely misses you.
The ice dragon breathes frost at you. The blast of cold hits you!!!
You die...

#...#............
#...##........... *
#...##...........
##................
#....##+##....###. *
##...#._.#........ *
#...#...#....†##. ~
##...#.>.#.....###
#@Z..#####....## ~~~
##D......#....#### *
##...........Y##.# ~
~ #..#...P......k...
,
###.....###.###.###.
,~~ #......## ###
### ## ...Z~~#..#..#
...~~~.....##
...~~~..#.##


You could see an ice dragon (catching breath, drained) and a spriggan
simulacrum.

Vanquished Creatures
  A hydra (Lair:4)
  4 death yaks (Lair:4)
  A two-headed ogre (D:8)
  A deep troll (Lair:2)
  6 elephants (Lair:4)
  Joseph (D:8)
  5 cane toads
  5 black mambas
  Maggie (D:8)
  A rime drake (Lair:3)
  A kobold demonologist (D:10)
  4 komodo dragons
  2 polar bears (Lair:3)
  A troll (D:10)
  5 blink frogs (Lair:3)
  7 dream sheep (Lair:4)
  A hornet (D:7)
  3 wyverns
  26 yaks
  3 steam dragons
  12 water moccasins
  A sky beast (D:7)
  An ice beast (D:5)
  A black bear (D:4)
  3 orc warriors
  2 ogres
  7 wolves
  2 centaurs (Lair:3)
  A phantom (D:5)
  8 bullfrogs
  4 necrophages (D:5)
  17 scorpions
  2 water moccasin zombies (D:5)
  An elephant simulacrum (Lair:4)
  3 killer bees (D:4)
  5 howler monkeys
  A bullfrog zombie (D:5)
  4 hounds
  A centaur zombie (Ossuary)
  3 gnoll boudas
  6 orc priests
  A jelly (D:5)
  3 human zombies
  3 iguanas
  A scorpion zombie (Ossuary)
  4 orc wizards
  A killer bee zombie (D:5)
  4 mummies
  A hound zombie (D:5)
  A howler monkey zombie (D:5)
  12 adders
  18 gnolls
  A shadow imp (D:5)
  A white imp (D:8)
  2 ufetubi
  An adder zombie (D:5)
  A worm (D:4)
  A dart slug (D:2)
  28 orcs
  6 ball pythons
  8 endoplasms
  5 giant cockroaches
  3 gnoll zombies (Ossuary)
  16 goblins
  5 hobgoblins
  4 jackals (D:1)
  6 kobolds
  5 quokkas
  6 bats
  7 frilled lizards
  2 goblin zombies (Ossuary)
  4 hobgoblin zombies (Ossuary)
  A kobold zombie (Ossuary)
  11 rats
337 creatures vanquished.

Vanquished Creatures (others)
  Psyche (D:8)
  A gnoll (D:8)
  21 fungi
  41 plants
64 creatures vanquished.

Grand Total: 401 creatures vanquished

Notes
Turn   | Place    | Note
-------+----------+-------------------------------------------
     0 | D:1      | Shayle the Demonspawn Reaver began the quest for the Orb.
     0 | D:1      | Reached XP level 1. HP: 16/16 MP: 3/3
   172 | D:1      | Gained mutation: You sometimes gain a little power by
                  | taking damage. [demonic ancestry]
   172 | D:1      | Reached XP level 2. HP: 22/22 MP: 5/5
   340 | D:1      | Reached skill level 1 in Stealth
   370 | D:1      | Reached skill level 1 in Armour
   736 | D:1      | Reached XP level 3. HP: 28/28 MP: 6/6
  1214 | D:2      | Found Hionaw's Magic Scroll Boutique.
  1217 | D:2      | Bought a scroll of identify for 24 gold pieces
  1247 | D:2      | Gained mutation: When seriously injured, your blood forms
                  | armour. (AC +9) [demonic ancestry]
  1247 | D:2      | Reached XP level 4. HP: 32/34 MP: 7/7
  1275 | D:2      | Found Xalluz's Magic Scroll Emporium.
  1294 | D:2      | Reached skill level 3 in Fighting
  1303 | D:2      | Found Loosicoq's General Store.
  2119 | D:3      | Noticed a scorpion
  2150 | D:3      | Killed a scorpion
  2151 | D:3      | Gained mutation: You have large cloven feet. [demonic
                  | ancestry]
  2151 | D:3      | Reached XP level 5. HP: 30/41 MP: 8/8
  2622 | D:3      | Gained mutation: When seriously injured, your blood forms
                  | thick armour. (AC +9) [demonic ancestry]
  2622 | D:3      | Reached XP level 6. HP: 48/48 MP: 9/9
  2642 | D:3      | Reached skill level 4 in Fighting
  3357 | D:2      | Bought a scroll of identify for 22 gold pieces
  3357 | D:2      | Bought a scroll of identify for 22 gold pieces
  3357 | D:2      | Bought a scroll of identify for 22 gold pieces
  4035 | D:4      | Noticed a water moccasin
  4050 | D:4      | Killed a water moccasin
  4051 | D:4      | Gained mutation: A meltable shield of frost defends you.
                  | (SH +4) [demonic ancestry]
  4051 | D:4      | Reached XP level 7. HP: 45/54 MP: 10/10
  4114 | D:4      | Reached skill level 5 in Fighting
  4273 | D:4      | Found a transporter.
  4330 | D:4      | Found an ancient bone altar of Kikubaaqudgha.
  4334 | D:4      | Found a hide-covered altar of Uskayaw.
  4334 | D:4      | Found a hazy altar of Hepliaklqana.
  4334 | D:4      | Found a snail-covered altar of Cheibriados.
  4337 | D:4      | Found a burning altar of Makhleb.
  4339 | D:4      | Found a bloodstained altar of Trog.
  4340 | D:4      | Found an opulent altar of Gozag.
  4401 | D:4      | Found a transporter.
  4481 | D:4      | Found an ornate altar of the Wu Jian Council.
  4732 | D:4      | Reached skill level 5 in Stealth
  5051 | D:4      | Gained mutation: You have hoof-like feet. [demonic
                  | ancestry]
  5051 | D:4      | Reached XP level 8. HP: 41/64 MP: 11/11
  5297 | D:5      | Entered Level 5 of the Dungeon
  5348 | D:5      | Reached skill level 6 in Fighting
  5348 | D:5      | Reached skill level 5 in Armour
  5399 | D:5      | Found a staircase to the Ecumenical Temple.
  5427 | Temple   | Entered the Ecumenical Temple
  5540 | Temple   | Became a worshipper of Ashenzari the Shackled
  5663 | D:5      | Reached skill level 7 in Fighting
  5780 | D:5      | Reached XP level 9. HP: 63/70 MP: 12/12
  5788 | D:5      | Found a basalt altar of Yredelemnul.
  6312 | D:6      | Found a sand-covered staircase.
  6316 | Ossuary  | Entered an ossuary
  6623 | Ossuary  | Reached skill level 8 in Fighting
  6927 | D:6      | Found a stormy altar of Qazlal.
  7088 | D:6      | Found a sacrificial altar of Ru.
  7942 | D:7      | Noticed Menkaure
  8155 | D:7      | Gained mutation: You sometimes gain power by taking damage.
                  | [demonic ancestry]
  8155 | D:7      | Reached XP level 10. HP: 81/82 MP: 13/13
  8177 | D:7      | Found Sato's Assorted Antiques.
  8182 | D:7      | Bought a slimy bone ring for 100 gold pieces
  8182 | D:7      | Identified the ring of Hiukutt {AC+4 Str+2 Slay+3 Stlth+}
                  | (You bought it in a shop on level 7 of the Dungeon)
  8182 | D:7      | Bought a scroll labelled DYFUR GYCSYU for 20 gold pieces
  8223 | D:7      | Paralysed by a hornet for 1 turns
  8234 | D:7      | Identified the +0 hat of the Vacuum {rF- Int+3 Slay+3}
  8410 | D:7      | Noticed a catoblepas
  8790 | D:8      | Noticed Psyche
  8791 | D:8      | Noticed Maggie
  8800 | D:8      | Killed Psyche
  8807 | D:8      | Killed Maggie
  8808 | D:8      | Reached skill level 9 in Fighting
  9171 | D:8      | Noticed Joseph
  9201 | D:8      | Killed Joseph
  9203 | D:8      | Reached * piety under Ashenzari
  9211 | D:8      | Gained mutation: You expend magic power (3 MP) to
                  | strengthen your wands. [potion of mutation]
  9211 | D:8      | Gained mutation: You are occasionally teleported next to
                  | monsters. [potion of mutation]
  9212 | D:8      | Lost mutation: You expend magic power (3 MP) to strengthen
                  | your wands. [potion of mutation]
  9212 | D:8      | Lost mutation: You are occasionally teleported next to
                  | monsters. [potion of mutation]
  9212 | D:8      | Gained mutation: Your system is resistant to poisons.
                  | (rPois) [potion of mutation]
  9523 | D:8      | Noticed a two-headed ogre
  9539 | D:8      | Killed a two-headed ogre
  9796 | D:9      | Noticed Amaemon
 10135 | D:10     | Entered Level 10 of the Dungeon
 10484 | D:10     | Noticed a sixfirhy
 10583 | D:10     | Found a staircase to the Lair.
 10584 | D:10     | Noticed Snorg
 10627 | Lair:1   | Entered Level 1 of the Lair of Beasts
 10637 | Lair:1   | Reached skill level 10 in Fighting
 10744 | Lair:1   | Reached XP level 11. HP: 54/92 MP: 14/14
 11237 | Lair:1   | Noticed a death yak
 11427 | Lair:2   | Reached ** piety under Ashenzari
 11450 | Lair:2   | Reached skill level 10 in Stealth
 12513 | Lair:2   | Noticed a boulder beetle
 12554 | Lair:2   | Noticed a deep troll
 12561 | Lair:2   | Killed a deep troll
 12784 | Lair:3   | Reached skill level 11 in Fighting
 12841 | Lair:3   | Found a staircase to the Snake Pit.
 12883 | Lair:3   | Reached skill level 10 in Armour
 13237 | Lair:3   | Found a staircase to the Shoals.
 13591 | Lair:3   | Reached XP level 12. HP: 58/103 MP: 16/16
 13974 | Lair:3   | Learned a level 3 spell: Hailstorm
 14405 | Lair:4   | Reached skill level 1 in Necromancy
 14412 | Lair:4   | Reached skill level 1 in Ice Magic
 14423 | Lair:4   | Reached skill level 12 in Fighting
 14546 | Lair:4   | Noticed a death yak
 14966 | Lair:4   | Noticed a seven-headed hydra
 15164 | Lair:4   | Noticed Jase's ghost (journeyman FoFi)
 15199 | Lair:4   | Noticed a death yak
 15214 | Lair:4   | Killed a death yak
 15217 | Lair:4   | Noticed a death yak
 15217 | Lair:4   | Noticed a death yak
 15218 | Lair:4   | Noticed a death yak
 15228 | Lair:4   | Found a transporter.
 15230 | Lair:4   | Found a transporter.
 15242 | Lair:4   | Killed a seven-headed hydra
 15448 | Lair:4   | Killed a death yak
 15450 | Lair:4   | Killed a death yak
 15462 | Lair:4   | Killed a death yak
 15471 | Lair:4   | Identified the cursed +2 pair of gloves "Chained With Me"
                  | {Fort, Self} (You found it on level 6 of the Dungeon)
 15667 | Lair:4   | Found a runed translucent door.
 15667 | Lair:4   | Found a viscous altar of Jiyva.
 15668 | Lair:4   | Found a staircase to the Slime Pits.
 15684 | Lair:4   | Noticed an ice dragon
 15684 | Lair:4   | Noticed a death yak
 16324 | Lair:4   | Killed from afar by an ice dragon

Illustrated notes

Levels and vault maps discovered:
D:1:      dpeg_arrival_solitude, layout_loops_corners
D:2:      layout_basic, serial_shops, nicolae_shop_advertising_works
          [nicolae_subvault_shop_adworks], shop, nicolae_shop_trees,
          minmay_tetromino_o4
D:3:      layout_loops_ring, minmay_ogre_servants
D:4:      gammafunk_cloud_chamber, layout_basic, nicolae_wu_jian_wuxing_cycle,
          minitemple, fountainhead
D:5:      layout_basic, lemuel_mausoleum_altar_yredelemnul,
          minmay_temple_entry_overgrown
D:6:      layout_loops_ring, nicolae_ru_sacrificial_ziggurat,
          grunt_qazlal_clouds, lightli_ossuary_entry_decrepit_ruins
D:7:      layout_loops_ring, serial_shops, shop_statue, minmay_the_grid_2x2
          [minmay_the_grid_diamond_grid, minmay_the_grid_minigrid_medium,
          minmay_the_grid_eight, minmay_the_grid_prize_inner_circle],
          uniq_menkaure
D:8:      layout_loops_ring, uniq_psyche, uniq_joseph, uniq_maggie
D:9:      layout_roguey, nicolae_kite_square_tiling_tiny, uniq_amaemon
D:10:     layout_cave_pods, lemuel_round_altar, lair_entry_dummy, orc_0_dummy,
          uniq_snorg
Temple:   nicolae_temple_two_arcs
Lair:1:   layout_cave_pods
Lair:2:   dreamdust_cave_troll, layout_small_grid, minivault_25
Lair:3:   layout_concentric_octagons, minmay_shoals_entry_centaurs,
          guppyfry_snake_entry_island
Lair:4:   dreamdust_isle_of_ice, layout_gridlike, slime_entry_2,
          gammafunk_ghost_wrathful_warriors

Skill      XL: |  1  2  3  4  5  6  7  8  9 10 11 12 |
---------------+-------------------------------------+-----
Stealth        | 1 2 3 4 5 6 8 9 11 | 11.9
Armour         | 1 2 3 4 6 7 9 10 11 | 11.2
Fighting       | 3 4 5 7 8 10 11 12 | 12.3
Necromancy     | 3 |  3.9
Ice Magic      | 3 |  3.2
Spellcasting   | 4 |  4.0
Conjurations   | 4 |  4.9
Polearms       | |  2.6
Dodging        | |  1.7

Action                   |  1- 3 |  4- 6 |  7- 9 | 10-12 || total
-------------------------+-------+-------+-------+-------++-------
Melee: Spear             |   181 |   305 |       |       ||   486
       Punch             |     2 |       |    10 |     8 ||    20
       Kick              |       |    36 |   125 |   197 ||   358
       Flail             |       |    13 |   422 |   542 ||   977
Invok: Curse Item        |       |       |     1 |     2 ||     3
Evoke: Wand              |       |       |       |     1 ||     1
  Use: Scroll            |     3 |     9 |    10 |     4 ||    26
       Potion            |       |     3 |       |     9 ||    12
 Stab: Sleeping          |     1 |       |       |    14 ||    15
Armor: Leather armour    |    12 |       |       |       ||    12
       Chain mail        |    84 |   194 |   268 |    36 ||   582
       Steam dragon scal |       |       |       |   338 ||   338
       Skin              |       |       |       |     8 ||     8
Dodge: Dodged            |    52 |    95 |   228 |   404 ||   779
Block: Other             |       |       |    95 |   132 ||   227

Table legend: (Time is in decaauts)
 A = Elapsed time spent in this place.
 B = Non-inter-level travel time spent in this place.
 C = Inter-level travel time spent in this place.
 D = Time resting spent in this place.
 E = Time spent auto-exploring this place.
 F = Levels seen in this place.
 G = Mean time per level.
                   A        B        C        D        E       F      G
               +--------+--------+--------+--------+--------+-----+--------+
         Total |  16703 |  16094 |    609 |   2720 |   8220 |  16 | 1043.9 |
       Dungeon |  10132 |   9532 |    600 |    971 |   5503 |  10 | 1013.2 |
        Temple |    122 |    113 |      9 |      0 |    106 |   1 |  122.0 |
          Lair |   5851 |   5851 |      0 |   1582 |   2529 |   4 | 1462.8 |
       Ossuary |    596 |    596 |      0 |    167 |     82 |   1 |  596.0 |
               +--------+--------+--------+--------+--------+-----+--------+

Top non-repeatable levels by time:
  Lair:4: 2252 daAuts
     D:2: 1621 daAuts
     D:4: 1464 daAuts
  Lair:3: 1397 daAuts
  Lair:2: 1392 daAuts
     D:3: 1378 daAuts
     D:8: 1108 daAuts
     D:1: 1012 daAuts
     D:7: 955 daAuts
     D:5: 955 daAuts
  Lair:1: 808 daAuts
     D:6: 768 daAuts
 Ossuary: 596 daAuts
    D:10: 500 daAuts
     D:9: 366 daAuts
